TOP OF THE 1ST |
Chicago Cubs batting - Pitching for Montreal Expos : LHP Mark W Davis
|
Pitching: LHP Mark W Davis
|
|
Batting: RHB Gary Ward
|
0-0: Called Strike 0-1: Foul Ball, location: 2F 0-2: Strikes out looking
|
Batting: RHB Bill Madlock
|
0-0: Ball 1-0: Ball 2-0: DOUBLE (Flyball, 78XD, EV 93.1 MPH)
|
Batting: RHB Lonnie Smith
|
0-0: 2-RUN HOME RUN (Line Drive, 8RXD, EV 95.0 MPH), Distance : 450 ft
|
Batting: RHB Jim Rice
|
0-0: Foul Ball, location: 2F 0-1: Ground out 5-3 (Groundball, 56S, EV 91.3 MPH)
|
Batting: SHB Roy Smalley
|
0-0: Called Strike 0-1: Foul Ball, location: 2F 0-2: Ball 1-2: Ball 2-2: Foul Ball, location: 2F 2-2: Foul Ball, location: 2F 2-2: Ball 3-2: Strikes out swinging
|
Top of the 1st over - 2 runs, 2 hits, 0 errors, 0 left on base; Chicago 2 - Montreal 0 |
BOTTOM OF THE 1ST |
Montreal Expos batting - Pitching for Chicago Cubs : RHP Oscar Sanchez
|
Pitching: RHP Oscar Sanchez
|
|
Batting: LHB Duane Walker
|
0-0: Called Strike 0-1: Called Strike 0-2: Strikes out swinging
|
Batting: SHB Garry Templeton
|
0-0: Ball 1-0: Ball 2-0: Bunted foul 2-1: Ball 3-1: SINGLE (Line Drive, 8RS, EV 103.1 MPH)
|
Batting: LHB Kirk Gibson
|
0-0: Ball Garry Templeton steals 2nd, throwing error, E2 Garry Templeton to third 1-0: Fly out, F8 (Flyball, 8RD, EV 91.3 MPH) Runner from 3rd tags up, SCORES, throw by CF
|
Batting: RHB Dale Murphy
|
0-0: Called Strike 0-1: Ball 1-1: Foul Ball, location: 2F 1-2: Foul Ball, location: 2F 1-2: Ball 2-2: Foul Ball, location: 2F 2-2: Strikes out looking
|
Bottom of the 1st over - 1 run, 1 hit, 1 error, 0 left on base; Chicago 2 - Montreal 1 |
TOP OF THE 2ND |
Chicago Cubs batting - Pitching for Montreal Expos : LHP Mark W Davis
|
Batting: RHB Randy Ready
|
0-0: Ball 1-0: Called Strike 1-1: Foul Ball, location: 2F 1-2: Foul Ball, location: 2F 1-2: Ball 2-2: Ground out 6-3 (Groundball, 6, EV 85.6 MPH)
|
Batting: RHB Fran Mullins
|
0-0: Ball 1-0: Foul Ball, location: 2F 1-1: Foul Ball, location: 2F 1-2: Strikes out swinging
|
Batting: RHB Bob Brenly
|
0-0: Ball 1-0: Ball 2-0: Ball 3-0: Foul Ball, location: 2F 3-1: Called Strike 3-2: Fly out, F7 (Line Drive, 7, EV 91.9 MPH)
|
Top of the 2nd over - 0 runs, 0 hits, 0 errors, 0 left on base; Chicago 2 - Montreal 1 |
BOTTOM OF THE 2ND |
Montreal Expos batting - Pitching for Chicago Cubs : RHP Oscar Sanchez
|
Batting: RHB Dave Winfield
|
0-0: Foul Ball, location: 2F 0-1: Ball 1-1: Ball 2-1: Fly out, F8 (Line Drive, 8LD, EV 93.8 MPH)
|
Batting: LHB Timnothy Meyer
|
0-0: Ball 1-0: Fly out, F2 (Popup, 5SF, EV 78.8 MPH)
|
Batting: LHB Ernesto Quevedo
|
0-0: Swinging Strike 0-1: Ball 1-1: Ground out 5-3 (Groundball, 56, EV 105.0 MPH)
|
Bottom of the 2nd over - 0 runs, 0 hits, 0 errors, 0 left on base; Chicago 2 - Montreal 1 |
TOP OF THE 3RD |
Chicago Cubs batting - Pitching for Montreal Expos : LHP Mark W Davis
|
Batting: SHB Oscar Sanchez
|
0-0: Called Strike 0-1: Called Strike 0-2: Strikes out swinging
|
Batting: RHB Gary Ward
|
0-0: Called Strike 0-1: Foul Ball, location: 2F 0-2: Foul Ball, location: 2F 0-2: Ball 1-2: Foul Ball, location: 2F 1-2: Strikes out looking
|
Batting: RHB Bill Madlock
|
0-0: Foul Ball, location: 2F 0-1: Swinging Strike 0-2: Ball 1-2: Fly out, F8 (Flyball, 89XD, EV 100.0 MPH)
|
Top of the 3rd over - 0 runs, 0 hits, 0 errors, 0 left on base; Chicago 2 - Montreal 1 |
BOTTOM OF THE 3RD |
Montreal Expos batting - Pitching for Chicago Cubs : RHP Oscar Sanchez
|
Batting: SHB Biff Pocoroba
|
0-0: Ball 1-0: Ball 2-0: Ball 3-0: Called Strike 3-1: Foul Ball, location: 2F 3-2: Foul Ball, location: 2F 3-2: Fly out, F8 (Flyball, 8RD, EV 92.5 MPH)
|
Batting: LHB Mark W Davis
|
0-0: Foul Ball, location: 2F 0-1: TRIPLE (Flyball, 8RXD, EV 108.1 MPH)
|
Batting: LHB Duane Walker
|
0-0: Called Strike 0-1: Ball 1-1: Ball 2-1: Ball 3-1: Base on Balls
|
Batting: SHB Garry Templeton
|
0-0: Fly out, F8 (Flyball, 8LM, EV 85.0 MPH) Runner from 3rd tags up, SCORES, throw by CF
|
Batting: LHB Kirk Gibson
|
0-0: Ball Duane Walker is caught stealing 2nd base 2-6
|
Bottom of the 3rd over - 1 run, 1 hit, 0 errors, 0 left on base; Chicago 2 - Montreal 2 |
TOP OF THE 4TH |
Chicago Cubs batting - Pitching for Montreal Expos : LHP Mark W Davis
|
Batting: RHB Lonnie Smith
|
0-0: Swinging Strike 0-1: Foul Ball, location: 2F 0-2: Ball 1-2: Ball 2-2: Ball 3-2: Ground out 5-3 (Groundball, 56S, EV 83.8 MPH)
|
Batting: RHB Jim Rice
|
0-0: Called Strike 0-1: Foul Ball, location: 2F 0-2: Ball 1-2: Strikes out swinging
|
Batting: SHB Roy Smalley
|
0-0: Called Strike 0-1: Ball 1-1: Called Strike 1-2: Strikes out swinging
|
Top of the 4th over - 0 runs, 0 hits, 0 errors, 0 left on base; Chicago 2 - Montreal 2 |
BOTTOM OF THE 4TH |
Montreal Expos batting - Pitching for Chicago Cubs : RHP Oscar Sanchez
|
Batting: LHB Kirk Gibson
|
0-0: DOUBLE (Flyball, 8LXD, EV 106.9 MPH)
|
Batting: RHB Dale Murphy
|
0-0: Swinging Strike 0-1: Swinging Strike 0-2: Ball 1-2: Foul Ball, location: 2F 1-2: Strikes out looking
|
Batting: RHB Dave Winfield
|
0-0: Ball 1-0: Ground out 4-3 (Groundball, 4M, EV 115.0 MPH) Kirk Gibson to third
|
Batting: LHB Timnothy Meyer
|
0-0: Swinging Strike 0-1: Swinging Strike 0-2: Ball 1-2: Ball 2-2: Ball 3-2: Ground out 6-3 (Groundball, 6M, EV 101.9 MPH)
|
Bottom of the 4th over - 0 runs, 1 hit, 0 errors, 1 left on base; Chicago 2 - Montreal 2 |
TOP OF THE 5TH |
Chicago Cubs batting - Pitching for Montreal Expos : LHP Mark W Davis
|
Batting: RHB Randy Ready
|
0-0: Foul Ball, location: 2F 0-1: Ball 1-1: Swinging Strike 1-2: Ball 2-2: Fly out, F8 (Line Drive, 8RM, EV 105.6 MPH)
|
Batting: RHB Fran Mullins
|
0-0: Ball 1-0: Ball 2-0: Called Strike 2-1: SOLO HOME RUN (Line Drive, 89XD, EV 101.9 MPH), Distance : 438 ft
|
Batting: RHB Bob Brenly
|
0-0: Called Strike 0-1: Foul Ball, location: 2F 0-2: Ball 1-2: Foul Ball, location: 2F 1-2: Ball 2-2: Strikes out swinging
|
Batting: SHB Oscar Sanchez
|
0-0: Called Strike 0-1: Called Strike 0-2: SINGLE (Flyball, 7LS, EV 86.9 MPH)
|
Batting: RHB Gary Ward
|
0-0: Fly out, F9 (Flyball, 9S, EV 81.9 MPH)
|
Top of the 5th over - 1 run, 2 hits, 0 errors, 1 left on base; Chicago 3 - Montreal 2 |
BOTTOM OF THE 5TH |
Montreal Expos batting - Pitching for Chicago Cubs : RHP Oscar Sanchez
|
Batting: LHB Ernesto Quevedo
|
0-0: Ball 1-0: Swinging Strike 1-1: SINGLE (Groundball, 4MD, EV 97.5 MPH)
|
Batting: SHB Biff Pocoroba
|
0-0: Ball 1-0: Fielders Choice at 2nd, 3-6 (Groundball, 3, EV 85.0 MPH)
|
Batting: LHB Mark W Davis
|
0-0: Bunted foul 0-1: Bunted foul 0-2: Bunt - Flyout to 15! F1
|
Batting: LHB Duane Walker
|
0-0: Ball 1-0: Foul Ball, location: 2F 1-1: Foul Ball, location: 2F 1-2: Strikes out swinging
|
Bottom of the 5th over - 0 runs, 1 hit, 0 errors, 1 left on base; Chicago 3 - Montreal 2 |
TOP OF THE 6TH |
Chicago Cubs batting - Pitching for Montreal Expos : LHP Mark W Davis
|
Batting: RHB Bill Madlock
|
0-0: Foul Ball, location: 2F 0-1: Foul Ball, location: 2F 0-2: Ball 1-2: Fly out, F9 (Flyball, 9D, EV 103.8 MPH)
|
Batting: RHB Lonnie Smith
|
0-0: Foul Ball, location: 2F 0-1: Ball 1-1: Called Strike 1-2: Strikes out swinging
|
Batting: RHB Jim Rice
|
0-0: Foul Ball, location: 2F 0-1: SINGLE (Groundball, 6D, EV 95.6 MPH)
|
Batting: SHB Roy Smalley
|
0-0: Called Strike 0-1: Ball 1-1: Ball 2-1: Ground out 4-3 (Groundball, 34, EV 86.9 MPH)
|
Top of the 6th over - 0 runs, 1 hit, 0 errors, 1 left on base; Chicago 3 - Montreal 2 |
BOTTOM OF THE 6TH |
Montreal Expos batting - Pitching for Chicago Cubs : RHP Oscar Sanchez
|
Batting: SHB Garry Templeton
|
0-0: Ball 1-0: Called Strike 1-1: Called Strike 1-2: SINGLE (Flyball, 4D, EV 91.9 MPH)
|
Batting: LHB Kirk Gibson
|
0-0: Called Strike 0-1: Ball 1-1: Fielders Choice at 2nd, 3-6 (Groundball, 3, EV 87.5 MPH)
|
Batting: RHB Dale Murphy
|
0-0: Ball 1-0: Fly out, F8 (Flyball, 8LM, EV 84.4 MPH)
|
Batting: RHB Dave Winfield
|
0-0: Ball Kirk Gibson is caught stealing 2nd base 2-4
|
Bottom of the 6th over - 0 runs, 1 hit, 0 errors, 0 left on base; Chicago 3 - Montreal 2 |
TOP OF THE 7TH |
Chicago Cubs batting - Pitching for Montreal Expos : LHP Mark W Davis
|
Batting: RHB Randy Ready
|
0-0: Ball 1-0: Fly out, F6 (Flyball, 56D, EV 94.4 MPH)
|
Batting: RHB Fran Mullins
|
0-0: Swinging Strike 0-1: Ball 1-1: Foul Ball, location: 2F 1-2: Strikes out looking
|
Batting: RHB Bob Brenly
|
0-0: Called Strike 0-1: Foul Ball, location: 2F 0-2: Foul Ball, location: 2F 0-2: Strikes out swinging
|
Top of the 7th over - 0 runs, 0 hits, 0 errors, 0 left on base; Chicago 3 - Montreal 2 |
BOTTOM OF THE 7TH |
Montreal Expos batting - Pitching for Chicago Cubs : RHP Oscar Sanchez
|
Batting: RHB Dave Winfield
|
0-0: Called Strike 0-1: Ball 1-1: Swinging Strike 1-2: Foul Ball, location: 2F 1-2: Fly out, F8 (Flyball, 8LXD, EV 78.8 MPH)
|
Batting: LHB Timnothy Meyer
|
0-0: Ground out U3 (Groundball, 13, EV 76.9 MPH)
|
Batting: LHB Ernesto Quevedo
|
0-0: Ball 1-0: Ball 2-0: Called Strike 2-1: Fly out, F3 (Flyball, 3D, EV 82.5 MPH)
|
Bottom of the 7th over - 0 runs, 0 hits, 0 errors, 0 left on base; Chicago 3 - Montreal 2 |
TOP OF THE 8TH |
Chicago Cubs batting - Pitching for Montreal Expos : LHP Mark W Davis
|
Batting: SHB Oscar Sanchez
|
0-0: Fly out, F9 (Flyball, 9LS, EV 90.0 MPH)
|
Batting: RHB Gary Ward
|
0-0: Called Strike 0-1: Ground out 6-3 (Groundball, 6S, EV 78.8 MPH)
|
Batting: RHB Bill Madlock
|
0-0: Foul Ball, location: 2F 0-1: Foul Ball, location: 2F 0-2: Ball 1-2: Ball 2-2: Foul Ball, location: 2F 2-2: Strikes out swinging
|
Top of the 8th over - 0 runs, 0 hits, 0 errors, 0 left on base; Chicago 3 - Montreal 2 |
BOTTOM OF THE 8TH |
Montreal Expos batting - Pitching for Chicago Cubs : RHP Oscar Sanchez
|
Batting: SHB Biff Pocoroba
|
0-0: SINGLE (Groundball, 56S, EV 65.0 MPH) (infield hit)
|
Pinch Hitting: LHB Guonçalo Fernandes
|
0-0: Fly out, F9 (Flyball, 9, EV 90.6 MPH)
|
Batting: LHB Duane Walker
|
0-0: Ball 1-0: Ball 2-0: Called Strike 2-1: Ball 3-1: Called Strike 3-2: SINGLE (Line Drive, 4MD, EV 100.0 MPH) Biff Pocoroba to second Runner from 2nd tries for 3rd, SAFE, no throw by CF
|
Batting: SHB Garry Templeton
|
0-0: Ball 1-0: Ball 2-0: Ball 3-0: Called Strike 3-1: Called Strike 3-2: Foul Ball, location: 2F 3-2: SINGLE (Line Drive, 34, EV 105.6 MPH) Biff Pocoroba scores Duane Walker to second
|
Batting: LHB Kirk Gibson
|
0-0: Called Strike 0-1: Foul Ball, location: 2F 0-2: Ball 1-2: Ball 2-2: Fly out, F8 (Flyball, 8RD, EV 102.5 MPH) Runner from 2nd tags up, SAFE at 3rd with throw by CF
|
Batting: RHB Dale Murphy
|
0-0: Foul Ball, location: 2F 0-1: Called Strike Garry Templeton steals 2nd base 0-2: Strikes out swinging
|
Bottom of the 8th over - 1 run, 3 hits, 0 errors, 2 left on base; Chicago 3 - Montreal 3 |
TOP OF THE 9TH |
Chicago Cubs batting - Pitching for Montreal Expos : LHP Mark W Davis
|
Pitching: RHP Rollie Fingers
|
|
Batting: RHB Lonnie Smith
|
0-0: Foul Ball, location: 2F 0-1: Ball 1-1: Foul Ball, location: 2F 1-2: Foul Ball, location: 2F 1-2: Fly out, F9 (Line Drive, 9D, EV 86.9 MPH)
|
Batting: RHB Jim Rice
|
0-0: Ground out 1-3 (Groundball, 13S, EV 60.0 MPH)
|
Batting: SHB Roy Smalley
|
0-0: Ball 1-0: Called Strike 1-1: Foul Ball, location: 2F 1-2: Foul Ball, location: 2F 1-2: TRIPLE (Flyball, 7D, EV 103.8 MPH)
|
Batting: RHB Randy Ready
|
0-0: Intentional Walk
|
Batting: RHB Fran Mullins
|
0-0: Ground out 5-3 (Groundball, 56S, EV 86.3 MPH)
|
Top of the 9th over - 0 runs, 1 hit, 0 errors, 2 left on base; Chicago 3 - Montreal 3 |
BOTTOM OF THE 9TH |
Montreal Expos batting - Pitching for Chicago Cubs : RHP Oscar Sanchez
|
Batting: RHB Dave Winfield
|
0-0: Foul Ball, location: 2F 0-1: Called Strike 0-2: Foul Ball, location: 2F 0-2: Foul Ball, location: 2F 0-2: Ball 1-2: Strikes out swinging
|
Batting: LHB Timnothy Meyer
|
0-0: Reached on error, E5 (Groundball, 56, EV 86.9 MPH)
|
Batting: LHB Ernesto Quevedo
|
0-0: Swinging Strike 0-1: TRIPLE (Flyball, 78XD, EV 93.8 MPH) Timnothy Meyer scores
|
Bottom of the 9th over - 1 run, 1 hit, 1 error, 0 left on base; Chicago 3 - Montreal 4 |
|